Unix NetHack Version 5.0.0-0 post-release - last build May 10 2026 23:12:36 (d1fa5d53e341ca933230fdaa984d921c805b60aa,branch:main).

Game began 2026-05-12 16:06:55, ended 2026-05-12 16:27:07.

GdeVolpiano, lawful female dwarven Cavewoman

                            -----
                            |...|
                            |`..|
                            .>..-#
                            |...|#
                            ..-.-#
                q           #### #
                @  #  ## ##  #   #####
                0%############       ####
                #  . ...              ##------
                  ........             #|...<|
                 +...........          #.....|
                 |.............     ####|....|
                 |..............|0### ##|....|
                 ----------------###    ------
                              ####

GdeVolpiano the Aborigine  St:18/04 Dx:10 Co:18 In:10 Wi:8 Ch:10  Lawful
Dlvl:4  $:67 HP:0(43) Pw:11(11) AC:8  Xp:4 T:1236  Hungry  

Latest messages:
 You miss the cave spider.
 The cave spider bites!
 You kill the cave spider!
 You hit the rock mole!
 You miss the rock mole.
 You miss the rock mole.
 The rock mole bites!
 You miss the rock mole.
 You miss the rock mole.
 You miss the rock mole.
 You miss the rock mole.
 You miss the rock mole.
 You miss the rock mole.
 The rock mole bites!
 You hit the rock mole!
 You miss the rock mole.
 You miss the rock mole.
 You miss the rock mole.
 The rock mole bites!
 You hear someone counting gold coins.
 You kill the rock mole!
 $ - 15 gold pieces (67 in total).
 There is a rock mole corpse here; eat it? [ynq] (n)
 This rock mole corpse is fatty.
 You finish eating the rock mole corpse.
 L - a tripe ration.
 #
 With great effort you move the boulder.
 The rothe hits!
 The rothe bites!
 The rothe bites again!
 You hit the rothe!
 The rothe hits!
 The rothe bites!
 The rothe bites again!
 You hit the rothe!
 The rothe hits!
 The rothe misses!
 The rothe bites!
 You kill the rothe!
 You see here a rothe corpse.
 The rothe hits!
 The rothe bites!
 The rothe bites again!
 You hit the rothe!
 The rothe hits!
 The rothe bites!
 The rothe bites again!
 You die...
 Do you want your possessions identified? [ynq] (y)

Inventory:
 Coins    ('$')
  $ - 67 gold pieces
 Weapons  (')')
  b - a +2 sling (alternate weapon; not wielded)
  a - a +1 club (weapon in right hand)
 Armor    ('[')
  e - an uncursed +0 leather armor (being worn)
 Comestibles  ('%')
  g - an uncursed food ration
  L - an uncursed tripe ration
 Scrolls  ('?')
  A - a blessed scroll of confuse monster
  z - 2 uncursed scrolls of confuse monster
  j - 2 uncursed scrolls of enchant weapon
  r - an uncursed scroll of light
  F - a cursed scroll of scare monster
  f - an uncursed scroll of teleportation
 Spellbooks  ('+')
  w - an uncursed spellbook of healing
 Potions  ('!')
  t - an uncursed potion of blindness
  y - an uncursed potion of fruit juice
  G - an uncursed potion of healing
  H - a cursed potion of healing
  E - an uncursed potion of object detection
  s - an uncursed potion of see invisible
 Rings    ('=')
  o - an uncursed ring of conflict
 Wands    ('/')
  K - a wand of secret door detection (0:11)
 Tools    ('(')
  m - a +0 grappling hook
  I - an uncursed skeleton key
  k - a cursed tin whistle
 Gems/Stones  ('*')
  q - an uncursed amethyst stone
  u - 2 uncursed worthless pieces of black glass
  n - an uncursed worthless piece of green glass
  C - a cursed worthless piece of violet glass
  i - an uncursed worthless piece of yellow glass
  l - a cursed worthless piece of yellowish brown glass
  c - 19 uncursed flint stones (in quiver pouch)
  d - 23 uncursed rocks

GdeVolpiano the Cavewoman's attributes:

Background:
 You were an Aborigine, a level 4 dwarven Cavewoman.
 You were lawful, nominally on a mission for Anu
 who was opposed by Ishtar (neutral) and Anshar (chaotic).
 You were right-handed.
 You were in the Dungeons of Doom, on level 4.
 You entered the dungeon 1236 turns ago.
 You had 125 experience points, 35 more were needed to attain level 5.

Basics:
 You had 0 out of 43 hit points.
 You had all 11 energy points (spell power).
 Your armor class was 8.
 Your wallet contained 67 zorkmids.
 Autopickup was on for '$?!/="+' plus thrown, with exceptions.

Final Characteristics:
 Your strength was 18/04 (limit:18/100).
 Your dexterity was 10 (limit:20).
 Your constitution was 18 (limit:20).
 Your intelligence was 10 (limit:16).
 Your wisdom was 8 (limit:16).
 Your charisma was 10 (limit:16).

Final Status:
 You were hungry.
 You were unencumbered.
 You were wielding a club.
 You had basic skill with club.

Final Attributes:
 You were devoutly aligned.
 You had infravision.
 You were warded.
 You are dead.

Miscellaneous:
 You didn't encounter any bones levels.
 Total elapsed playing time was 20 minutes and 11 seconds.

Major events:
 Turn
    1: GdeVolpiano the lawful dwarven Cavewoman entered the dungeon
  604: attained the rank of Aborigine (level 3)
 1236: killed by a rothe

Spells:
 Name                 Level Category     Fail Retention
 healing                1   healing       72%  76%-100%

Skills:
 Fighting Skills
   bare handed combat [Basic]
 Weapon Skills
   dagger             [Unskilled]
   knife              [Unskilled]
   axe                [Unskilled]
   pick-axe           [Unskilled]
   club               [Basic]
   mace               [Unskilled]
   morning star       [Unskilled]
   flail              [Unskilled]
   hammer             [Unskilled]
   quarterstaff       [Unskilled]
   polearms           [Unskilled]
   spear              [Unskilled]
   trident            [Unskilled]
   bow                [Unskilled]
   sling              [Basic]
   boomerang          [Unskilled]
   unicorn horn       [Unskilled]
 Spellcasting Skills
   attack spells      [Unskilled]
   matter spells      [Unskilled]

Voluntary challenges:
 Character rerolling was not enabled.
 You were an atheist.
 You never genocided any monsters.
 You never polymorphed an object.
 You never changed form.
 You used no wishes.
Achievements:
 You attained the rank of Aborigine.
 You entered a shop.

 The Dungeons of Doom: levels 1 to 5
    Level 1: "vault"
       Some fountains, a sink.
    Level 2:
       A fountain.
    Level 3:
       A general store, a sink.
    Level 4: "vault" <- You were here.
       Final resting place for
          you, killed by a rothe.
    Level 5:


Vanquished creatures:
  a small mimic
  a rock mole
  a little dog
  a kitten
  a homunculus
  a rothe
  2 acid blobs
  a gas spore
  a cave spider
  a gecko
  a jackal
  4 kobolds
  2 grid bugs
  2 lichens
  5 newts
25 creatures vanquished.

No species were genocided or became extinct.

Game over:
                       ----------
                      /          \
                     /    REST    \
                    /      IN      \
                   /     PEACE      \
                  /                  \
                  |   GdeVolpiano    |
                  |      67 Au       |
                  |   killed by a    |
                  |      rothe       |
                  |                  |
                  |                  |
                  |       2026       |
                 *|     *  *  *      | *
        _________)/\\_//(\/(/\)/\//\/|_)_______

Goodbye GdeVolpiano the Cavewoman...

You died in The Dungeons of Doom on dungeon level 4 with 771 points,
and 67 pieces of gold, after 1236 moves.
You were level 4 with a maximum of 43 hit points when you died.

